Map: Equilibrium LE

Players

ArthurDent - Winner!

  • Race: Protoss Protoss
  • League: Diamond
  • Spawn Location: 1:00

SubN

  • Race: Zerg Zerg
  • League: Diamond
  • Spawn Location: 11:00

VOD

Have the link to the VOD?

Description

Time

  • Played on: Nov. 18, 2023, 6:43 p.m.
  • Length: 2:52
Show
View Real Time Build Order
Export as new Build Order

ArthurDent Protoss - Winner!

Build Orders:  

Get SALT Encoding   

  12  0:00  Probe  
  13  0:12  Probe  
  14  0:18  Pylon  
  14  0:39  Probe  
  15  0:51  Gateway  
  15  0:53  Probe (Chrono Boost)  
  16  1:03  Probe (Chrono Boost), Assimilator  
  17  1:08  Probe (Chrono Boost)  
  18  1:19  Probe  
  19  1:31  Probe  
  20  1:35  Pylon  
  20  1:36  Forge  
  20  1:37  Zealot (Chrono Boost)  
  22  1:45  Cybernetics Core  
  22  1:52  Probe  
  23  2:02  Zealot  
  25  2:12  Photon Cannon  
  25  2:27  Gateway  
  25  2:30  Shield Battery  
  25  2:42  Pylon  
Show
View Real Time Build Order
Export as new Build Order

SubN Zerg 

Build Orders: Pool First 

Get SALT Encoding   

  12  0:00  Drone  
  13  0:08  Drone  
  13  0:13  Extractor  
  13  0:29  Spawning Pool  
  12  1:19  Hatchery  
  12  1:25  Queen  
  11  1:27  Metabolic Boost  
  13  1:36  Overlord  
  13  1:42  Zergling x2  
  14  1:54  Zergling x4  
  14  2:00  Zergling x2  
  18  2:22  Zergling x4  
  19  2:34  Zergling x2, Hatchery  
Tags
 
Add a new tag
Caveats
  • Supply blocks, unpowered buildings, or Contaminate may cause inaccurate times.
  • Supply counts are checked every 10 seconds.